 Dungeon Crawl Stone Soup version 0.30-a0-743-gbfdf073431 (webtiles) character file.

Game seed: 1945058544895241159

60 Biblin the Trooper (level 4, -10/40 HPs)
             Began as a Hill Orc Fighter on Feb 6, 2023.
             Killed by divine providence
             ... invoked by an orc priest
              (14 damage)
             ... on level 2 of the Dungeon.
             The game lasted 00:02:04 (1007 turns).

Biblin the Trooper (Hill Orc Fighter)               Turns: 1007, Time: 00:02:05

Health: -10/40     AC:  9    Str: 20    XL:     4   Next: 4%
Magic:  4/4        EV:  9    Int:  8    God:
Gold:   64         SH:  4    Dex: 10    Spells: 3/3 levels left

rFire   . . .      SeeInvis .    a - +1 war axe
rCold   . . .      Faith    .    c - +0 buckler
rNeg    . . .      Spirit   .    b - +0 scale mail
rPois   .          Reflect  .    (no helmet)
rElec   .          Harm     .    (no cloak)
rCorr   .          Rampage  .    h - +1 pair of gloves
Will    .....                    (no boots) Stlth
                                 (no amulet)
HPRegen 0.26/turn                (no ring)
MPRegen 0.09/turn                (no ring)

@: mighty
A: no striking features
a: Convert to Beogh


You were on level 2 of the Dungeon.
You visited 1 branch of the dungeon, and saw 2 of its levels.

You collected 64 gold pieces.

Inventory:

Hand Weapons
 a - a +1 war axe (weapon)
Armour
 b - a +0 scale mail (worn)
 c - a +0 buckler (worn)
 h - a +1 pair of gloves (worn)
Potions
 e - a potion of lignification {unknown}
 f - 2 potions of flight {unknown}
 g - a potion of brilliance {unknown}
 l - a potion of cancellation {unknown}


   Skills:
 * Level 4.1 Fighting
 * Level 4.0 Axes
 * Level 4.1 Armour
 + Level 3.5 Shields


You had 3 spell levels left.
You didn't know any spells.
Your spell library was empty.

Dungeon Overview and Level Annotations

Branches:
Dungeon (2/15)

Altars:

Shops:
D:1 *


Message History

The orc wizard is almost dead.
The orc wizard hits you but does no damage.
You barely miss the orc wizard.
The orc wizard is almost dead.
You block the orc wizard's attack.
You closely miss the orc wizard.
The orc wizard is almost dead.
The orc wizard barely misses you.
The orc wizard points at you and mumbles some strange words.
The magic dart hits you but does no damage.
You slash the orc wizard!
You kill the orc wizard!
Your Axes skill increases to level 4!
Your Armour skill increases to level 4!
You have reached level 4!
You hit the orc.
The orc is heavily wounded.
The orc hits you but does no damage.
You hit the orc but do no damage.
The orc is heavily wounded.
You block the orc's attack. The orc hits you with a +0 flail.
You hit the orc but do no damage.
The orc is heavily wounded.
The orc hits you but does no damage.
You barely miss the orc.
The orc is heavily wounded.
The orc hits you with a +0 flail.
The orc priest invokes the aid of Beogh against you.
Beogh smites you!
* * * LOW HITPOINT WARNING * * *
You hit the orc.
You kill the orc!
The orc barely misses you.
Okay, then.
You feel very mighty all of a sudden. The orc hits you but does no damage.
You barely miss the orc. The orc hits you with a +0 dagger.
* * * LOW HITPOINT WARNING * * *
The orc priest invokes the aid of Beogh against you.
Beogh smites you!
You die...

...##...## .........
.#.#....# . .o.#....
.....##.# .. ......#
....##..# .o. .....
....##..# ...{ ....
........# .#.o.#.o#
>...#...## .o......#
#######..#########o#
#######.........@oo#
..........##########
#######..(# #####


You could see an orc priest and 2 orcs.

Vanquished Creatures
  An orc wizard (D:2)
  An orc (D:2)
  2 bats (D:1)
  An endoplasm (D:1)
  2 giant cockroaches (D:1)
  A goblin (D:1)
  4 hobgoblins (D:1)
  4 jackals (D:1)
  2 kobolds (D:1)
  2 quokkas (D:1)
  6 ball pythons (D:1)
  3 frilled lizards (D:1)
  2 rats (D:1)
31 creatures vanquished.

Notes
Turn   | Place    | Note
-------+----------+-------------------------------------------
     0 | D:1      | Biblin the Hill Orc Fighter began the quest for the Orb.
     0 | D:1      | Reached XP level 1. HP: 19/19 MP: 1/1
    95 | D:1      | Found Uhes's General Store.
    99 | D:1      | Reached XP level 2. HP: 27/27 MP: 2/2
   361 | D:1      | Reached XP level 3. HP: 33/33 MP: 3/3
  1001 | D:2      | Reached XP level 4. HP: 21/40 MP: 4/4
  1007 | D:2      | Killed from afar by an orc priest

Illustrated notes

Levels and vault maps discovered:
D:1:      evilmike_arrival_crescent, layout_loops_ring, serial_shops, shop,
          minmay_quantized
D:2:      cheibrodos_pilgrimage, layout_rooms, serial_shops,
          nicolae_shop_window_shopping

Skill      XL: |  1  2  3 |
---------------+----------+-----
Axes           | 3 4 |  4.0
Fighting       | 4 |  4.1
Armour         | 4 |  4.1
Shields        | |  3.5

Action                     |  1- 3 |  4- 6 || total
---------------------------+-------+-------++-------
  Melee: War axe           |    99 |     6 ||   105
    Use: Scroll            |     3 |       ||     3
         Potion            |       |     1 ||     1
 Armour: Scale mail        |    75 |     3 ||    78
  Dodge: Dodged            |    44 |     1 ||    45
  Block: Buckler           |    25 |     1 ||    26

Table legend: (Time is in decaauts)
 A = Elapsed time spent in this place.
 B = Non-inter-level travel time spent in this place.
 C = Inter-level travel time spent in this place.
 D = Time resting spent in this place.
 E = Time spent auto-exploring this place.
 F = Levels seen in this place.
 G = Mean time per level.
                   A        B        C        D        E       F      G
               +--------+--------+--------+--------+--------+-----+--------+
         Total |   1046 |    998 |     48 |     18 |    746 |   2 |  523.0 |
       Dungeon |   1046 |    998 |     48 |     18 |    746 |   2 |  523.0 |
               +--------+--------+--------+--------+--------+-----+--------+

Top non-repeatable levels by time:
     D:1: 870 daAuts
     D:2: 176 daAuts
